 Dungeon Crawl Stone Soup version 0.23-a0-359-g9beedce (webtiles) character file.

771 Garbasso the Digger (level 7, -5/41 HPs)
             Began as an Octopode Earth Elementalist on Oct 23, 2018.
             Was an Initiate of Kikubaaqudgha.
             Engulfed by a cloud of steam (11 damage)
             ... on level 5 of the Dungeon.
             The game lasted 00:19:03 (5832 turns).

Garbasso the Digger (Octopode Earth Elementalist)   Turns: 5832, Time: 00:19:04

Health: -5/41      AC:  1    Str:  8    XL:     7   Next: 83%
Magic:  6/10       EV: 13    Int: 19    God:    Kikubaaqudgha [......]
Gold:   311        SH:  0    Dex: 12    Spells: 1/10 levels left

rFire    . . .     SeeInvis .   a - +1 dagger
rCold    . . .     Gourm    .   (no shield)
rNeg     . . .     Faith    .   (helmet restricted)
rPois    .         Spirit   .   (no amulet)
rElec    .         Reflect  .   (no ring)
rCorr    .         Harm     .   (no ring)
MR       .....                  (no ring)
Stlth    ++++......             (no ring)
HPRegen  0.13/turn              (no ring)
MPRegen  0.12/turn              (no ring)
                                (no ring)
                                (no ring)

@: about to teleport, studying Staves
A: almost no armour, stealthy swim, amphibious, 8 rings, constrict 8, camouflage
1, gelatinous body 1
a: Renounce Religion


You were on level 5 of the Dungeon.
You worshipped Kikubaaqudgha.
Kikubaaqudgha was noncommittal.
You were not hungry.

You visited 2 branches of the dungeon, and saw 6 of its levels.

You collected 311 gold pieces.

Inventory:

Hand Weapons
 a - a +1 dagger (weapon)
 h - a +0 spear
Missiles
 l - 69 stones (quivered)
Magical Staves
 b - an uncursed staff of energy
Jewellery
 i - an uncursed ring of ice
Wands
 k - a wand of digging (18)
 q - a wand of random effects (26)
 r - a wand of disintegration (9)
Scrolls
 d - a scroll of enchant weapon
 e - 3 scrolls of identify
 g - 3 scrolls of teleportation
 n - 4 scrolls of remove curse
Potions
 m - 2 potions of berserk rage
 p - a potion of resistance
Books
 j - a manual of Staves
Comestibles
 c - 8 rations


   Skills:
 - Level 2.3 Dodging
 + Level 6.4 Stealth
 - Level 2.3 Spellcasting
 - Level 3.4 Conjurations
   Level 1.0 Transmutations
 * Level 6.7 Earth Magic


You had one spell level left.
You knew the following spells:

 Your Spells              Type           Power        Failure   Level  Hunger
a - Sandblast             Erth           ####..       1%          1    #......
b - Stone Arrow           Conj/Erth      ###...       6%          3    ###....
c - Lee's Rapid Deconstr  Erth           ####......   28%         5    ######.

Your spell library contained the following spells:

 Spells                   Type           Power        Failure   Level  Hunger
 Passwall                 Tmut/Erth      ###.....     4%          2    ##.....
 Petrify                  Tmut/Erth      ###.....     32%         4    #####..


Dungeon Overview and Level Annotations

Branches:
Dungeon (5/15)             Temple (1/1) D:4

Altars:
Cheibriados
Elyvilon
Kikubaaqudgha
Qazlal
Sif Muna
Vehumet
Wu Jian
Yredelemnul
Zin


Innate Abilities, Weirdness & Mutations

You cannot wear most types of armour.
You are very stealthy in the water. (Stealth+)
You are amphibious.
You can wear up to eight rings at the same time.
You can use your tentacles to constrict eight enemies at once.
Your skin changes colour to match your surroundings (Stealth+).
Your rubbery body absorbs attacks. (AC +1, EV +1)


Message History

Aim: a steam dragon (severely wounded, catching its breath)
The blast of sand hits the steam dragon.
The steam dragon is almost dead.
l - 70 stones You are engulfed in a cloud of scalding steam.
* * * LOW HITPOINT WARNING * * *
The steam dragon barely misses you. The steam dragon claws you.
* * * LOW HITPOINT WARNING * * *
Casting: Sandblast (safe; 1% risk of failure)
Confirm with . or Enter, or press ? or * to list all spells.
Aiming: Sandblast (safe; 1% risk of failure)
Press: ? - help, Shift-Dir - straight line, f/p - steam dragon
Aim: a steam dragon (almost dead, catching its breath)
The blast of sand hits the steam dragon.
You kill the steam dragon!
Kikubaaqudgha accepts your kill.
l - 69 stones You are engulfed in a cloud of scalding steam.
You die...
Kikubaaqudgha rasps: "You have failed me!
Welcome... death!"

.....# .....c..#
.......# .......#
...... ....
.########.#######
.......@.c.......
.########.###### #.#
#######.## ########
.........# ###......##
...####..###...####..#
.........##..#######..
...###......##...####.
#......#......###.


You could see a centaur.

Vanquished Creatures
  Sigmund (D:4)
  A steam dragon (D:5)
  A howler monkey (D:3)
  A crimson imp (D:5)
  3 hounds (D:4)
  Crazy Yiuf (D:3)
  An iguana (D:5)
  A worker ant (D:4)
  Natasha (thrice) (D:4)
  A hound zombie (D:5)
  5 adders
  4 worms
  2 dart slugs
  2 leopard geckos
  6 orcs (D:3)
  5 giant cockroaches
  7 hobgoblins
  17 jackals
  4 kobolds
  3 quokkas
  A ball python (D:4)
  7 bats
  3 frilled lizards (D:2)
  5 goblins
  2 leopard gecko skeletons
  3 rats
  A fungus (D:3)
91 creatures vanquished.

Notes
Turn   | Place    | Note
-------+----------+-------------------------------------------
     0 | D:1      | Garbasso the Octopode Earth Elementalist began the quest
                  | for the Orb.
     0 | D:1      | Reached XP level 1. HP: 11/11 MP: 3/3
   145 | D:1      | Reached XP level 2. HP: 14/17 MP: 0/5
  1075 | D:2      | Reached XP level 3. HP: 19/21 MP: 6/6
  1185 | D:2      | Learned a level 3 spell: Stone Arrow
  2220 | D:2      | Reached XP level 4. HP: 21/27 MP: 7/7
  2833 | D:3      | Found a runed door.
  2851 | D:3      | Reached skill level 1 in Conjurations
  2871 | D:3      | Reached XP level 5. HP: 31/31 MP: 2/8
  3943 | D:3      | Noticed Crazy Yiuf
  3945 | D:3      | Killed Crazy Yiuf
  3979 | D:4      | Noticed Natasha
  3993 | D:4      | Killed Natasha
  4171 | D:4      | Reached XP level 6. HP: 23/36 MP: 7/9
  4174 | D:4      | Noticed Sigmund
  4192 | D:4      | Killed Sigmund
  4192 | D:4      | Reached skill level 5 in Stealth
  4192 | D:4      | Reached skill level 5 in Earth Magic
  4397 | D:4      | Learned a level 5 spell: Lee's Rapid Deconstruction
  4419 | D:4      | Found a staircase to the Ecumenical Temple.
  4430 | Temple   | Entered the Ecumenical Temple
  4499 | Temple   | Became a worshipper of Kikubaaqudgha
  4588 | D:4      | Reached XP level 7. HP: 29/41 MP: 5/10
  4721 | D:4      | Noticed Natasha
  4734 | D:4      | Killed Natasha
  4769 | D:4      | Noticed Natasha
  4773 | D:4      | Killed Natasha
  5117 | D:5      | Entered Level 5 of the Dungeon
  5144 | D:5      | Noticed a steam dragon
  5153 | D:5      | HP: 1/41 [centaur/arrow (15)]
  5828 | D:5      | HP: 2/41 [steam dragon (2)]
  5832 | D:5      | Killed a steam dragon
  5832 | D:5      | Engulfed by a cloud of steam

Vault maps used:
D:1:      dpeg_arrival_connections
D:2:      minmay_wonky_spiral
D:3:      minmay_misc_feat_room, minmay_misc_feat_diagonals,
          uniq_crazy_yiuf_cottage
D:4:      minmay_temple_entry_grid, first_ration, uniq_natasha, uniq_sigmund
D:5:      minmay_manual_moon
Temple:   dpeg_five_rooms_temple

Skill      XL: |  1  2  3  4  5  6  7 |
---------------+----------------------+-----
Stealth        | 3 4 5 6 |  6.4
Conjurations   | 1 2 3 |  3.4
Earth Magic    | 4 5 6 |  6.7
Dodging        | |  2.3
Spellcasting   | |  2.3
Transmutations | |  1.0

Action                   |  1- 3 |  4- 6 |  7- 9 || total
-------------------------+-------+-------+-------++-------
Melee: Unarmed           |    39 |       |       ||    39
       Constrict         |    23 |    13 |     5 ||    41
       Tentacles         |    13 |    10 |     4 ||    27
       Spear             |    40 |    38 |       ||    78
       Staff             |       |    15 |     9 ||    24
       Dagger            |       |    10 |    18 ||    28
Throw: Stone             |     1 |       |       ||     1
 Cast: Sandblast         |    24 |    32 |    22 ||    78
       Stone Arrow       |     4 |    12 |     2 ||    18
       Lee's Rapid Decon |       |       |     1 ||     1
  Use: Potion            |       |     3 |     1 ||     4
       Scroll            |       |       |     9 ||     9
 Stab: Sleeping          |     8 |     1 |     1 ||    10
  Eat: Chunk             |     5 |     8 |     2 ||    15
       Ration            |       |       |     1 ||     1
Armor: Skin              |     8 |    19 |     3 ||    30
Dodge: Dodged            |    46 |    53 |    27 ||   126

Table legend:
 A = Non-vault XP
 B = Vault XP
 C = Vault XP percentage of total XP
 D = Non-vault monster count
 E = Vault monster count
 F = Vault count percentage of total count
                 A         B        C        D         E       F
            +---------+---------+-------+---------+---------+-------
      Total |     536 |     566 |  51.4 |      80 |      10 |  11.1
            +---------+---------+-------+---------+---------+-------
        D:1 |      32 |       0 |   0.0 |      17 |       0 |   0.0
        D:2 |      49 |       8 |  14.0 |      23 |       4 |  14.8
        D:3 |     122 |      41 |  25.2 |      24 |       1 |   4.0
        D:4 |     232 |     306 |  56.9 |      12 |       3 |  20.0
        D:5 |     101 |     211 |  67.6 |       4 |       2 |  33.3
            +---------+---------+-------+---------+---------+-------
